 Dungeon Crawl Stone Soup version 0.25-a0-603-g0321be95db (webtiles) character file.

Game seed: 15322129423471190283, levelgen mode: deterministic

468 GenChuck the Grave Robber (level 6, -3/43 HPs)
             Began as a Vampire Necromancer on Mar 16, 2020.
             Slain by wub's ghost (9 damage)
             ... on level 3 of the Dungeon.
             The game lasted 00:34:57 (4415 turns).

GenChuck the Grave Robber (Vampire Necromancer)     Turns: 4415, Time: 00:34:58

Health: -3/43      AC:  5    Str:  7    XL:     6   Next: 81%
Magic:  19/19      EV: 10    Int: 20    God:
Gold:   126        SH:  0    Dex: 14    Spells: 6/11 levels left

rFire    + . .     SeeInvis +   b - +1 hunting sling (flame)
rCold    . . .     Gourm    .   (no shield)
rNeg     . . .     Faith    .   g - +0 ring mail {rF+}
rPois    .         Spirit   .   (no helmet)
rElec    .         Reflect  .   (no cloak)
rCorr    .         Harm     .   (no gloves)
MR       .....                  (no boots)
Stlth    ++........             (no amulet)
HPRegen  0.34/turn              i - ring of magical power
MPRegen  0.16/turn              (no ring)

@: regenerating quickly
A: no food, fangs 3, see invisible, unbreathing
a: Exsanguinate


You were on level 3 of the Dungeon.
You were alive.

You visited 1 branch of the dungeon, and saw 4 of its levels.

You collected 126 gold pieces.

Inventory:

Hand Weapons
 b - a +1 hunting sling of flaming (weapon)
 d - a +0 dagger
Missiles
 c - 120 stones (quivered)
Armour
 a - a +0 robe
 g - a +0 ring mail of fire resistance (worn)
Jewellery
 i - a ring of magical power (left hand)
 q - an uncursed ring of protection from magic
Wands
 t - a wand of random effects (21)
Scrolls
 e - 4 scrolls of remove curse
 f - 5 scrolls of identify
 m - a scroll of fear
 u - a scroll of enchant armour {unknown}
Potions
 h - a potion of stabbing {unknown}
 j - 2 potions of flight {unknown}
 k - a potion of heal wounds {unknown}
 l - 2 potions of degeneration {unknown}
 n - a potion of curing {unknown}
 o - 3 potions of brilliance {unknown}
 r - 2 potions of berserk rage {unknown}
 s - a potion of magic {unknown}


   Skills:
 + Level 1.6 Fighting
 + Level 3.0 Slings
 + Level 0.4 Armour
 + Level 2.4 Dodging
 + Level 3.3 Stealth
 + Level 3.2 Spellcasting
 * Level 6.5 Necromancy


You had 6 spell levels left.
You knew the following spells:

 Your Spells              Type           Power        Failure   Level  Hunger
a - Pain                  Necr           ####         3%          1    N/A
b - Animate Skeleton      Necr           N/A          3%          1    N/A
c - Vampiric Draining     Necr           ####......   10%         3    N/A

Your spell library contained the following spells:

 Spells                   Type           Power        Failure   Level  Hunger
 Animate Dead             Necr           N/A          32%         4    N/A
 Agony                    Necr           ####....     65%         5    N/A

Dungeon Overview and Level Annotations

Branches:
Dungeon (4/15)
 Temple: D:4-7

Altars:
Nemelex Xobeh
Vehumet

Annotations:
D:3 wub's ghost, novice DsAK


Innate Abilities, Weirdness & Mutations

You do not eat.
Your natural rate of healing is unusually fast.
You have razor-sharp teeth.
You have supernaturally acute eyesight. (SInv)
You can survive without breathing.


Message History

* * * LOW HITPOINT WARNING * * *
Your surroundings suddenly seem different.
Wub's ghost turns its malevolent gaze towards you.
There is an escape hatch in the floor here.
As you read the scroll labeled KUONNU VISIPN, it crumbles to dust.
You experience a momentary feeling of inescapable doom!
It was a scroll of random uselessness.
Wub's ghost hits you!
* * * LOW HITPOINT WARNING * * *
As you read the scroll labeled MYIFEU AXTIKIGGE, it crumbles to dust.
It is a scroll of amnesia.
Really abort (and waste the scroll)? [Y]es or [N]o only, please.
Really abort (and waste the scroll)? [Y]es or [N]o only, please.
Really abort (and waste the scroll)? [Y]es or [N]o only, please.
Really abort (and waste the scroll)?
Okay, then.
Wub's ghost hits you!
You die...

.......##...................# #
......###...................# ##
#.....###.##................####.
##.#.......#............)...##...
#.#.......#......).........#....
#.............................#.
######.............#......##...#.
#..........##...W....#######.#.##
...####.........@....##......#...
..## #....#.............###.###.
.## ##.####........#.#.........
.#### ##.# #......<.#.##########
....###..# ##.........#######
........## ##.#.....##.....####
......### #####..................
......#####.......##.............
............##.........#.....####


You could see wub's ghost.

Vanquished Creatures
  An ogre (D:4)
  A centaur zombie (D:4)
  A bullfrog skeleton (D:4)
  2 hounds (D:4)
  2 worker ants
  An orc wizard (D:4)
  A hound skeleton (D:4)
  8 adders
  An ooze (D:3)
  A worm (D:3)
  4 dart slugs
  3 leopard geckos
  4 orcs
  A ball python (D:2)
  4 giant cockroaches
  9 goblins
  6 hobgoblins
  8 jackals
  2 quokkas (D:4)
  12 bats
  4 frilled lizards
  8 kobolds
  A quokka skeleton (D:4)
  6 rats
91 creatures vanquished.

Notes
Turn   | Place    | Note
-------+----------+-------------------------------------------
     0 | D:1      | GenChuck the Vampire Necromancer began the quest for the
                  | Orb.
     0 | D:1      | Reached XP level 1. HP: 13/13 MP: 3/3
     2 | D:1      | Learned a level 1 spell: Animate Skeleton
   299 | D:1      | Reached XP level 2. HP: 18/19 MP: 1/5
   464 | D:1      | Reached skill level 5 in Necromancy
   784 | D:1      | Reached XP level 3. HP: 22/24 MP: 2/6
  1046 | D:2      | Found a radiant altar of Vehumet.
  1707 | D:2      | You fall into a shaft and drop 1 floor!
  1857 | D:3      | Reached skill level 1 in Slings
  1857 | D:3      | Reached XP level 4. HP: 30/30 MP: 7/7
  2644 | D:3      | Learned a level 3 spell: Vampiric Draining
  2883 | D:3      | Reached XP level 5. HP: 29/36 MP: 0/8
  2989 | D:3      | Reached skill level 6 in Necromancy
  3395 | D:4      | Noticed an ogre
  3441 | D:4      | Killed an ogre
  3441 | D:4      | Reached XP level 6. HP: 3/42 MP: 10/10
  3623 | D:4      | Found a sparkling altar of Nemelex Xobeh.
  3730 | D:4      | Reached skill level 1 in Fighting
  4224 | D:4      | Found a runed translucent door.
  4225 | D:4      | Noticed wub's ghost (novice DsAK)
  4415 | D:3      | Slain by wub's ghost

Levels and vault maps discovered:
D:1:      dpeg_arrival_leaves_temple_mockup, layout_loops_ring
D:2:      layout_loops_ring, fiery_altar_vehumet, first_ration,
          minmay_hedge_maze
D:3:      layout_rooms, serial_rivers, chequers_serial_rivers_large_b,
          chequers_serial_rivers_micro_c, chequers_serial_rivers_micro_a,
          chequers_serial_rivers_micro_d, grunt_ministairs_14,
          hangedman_abyss_or_decor_stabs
D:4:      kennysheep_spiral_hall, layout_basic, nemelex_altar_shiori,
          ebering_ghost_sewer_d

Skill      XL: |  1  2  3  4  5  6 |
---------------+-------------------+-----
Necromancy     | 5 6 |  6.5
Slings         | 1 2 3 |  3.0
Spellcasting   | 3 |  3.2
Fighting       | 1 |  1.6
Armour         | |  0.4
Dodging        | |  2.4
Stealth        | |  3.3

Action                   |  1- 3 |  4- 6 || total
-------------------------+-------+-------++-------
 Fire: Hunting sling     |    59 |   141 ||   200
 Cast: Pain              |    40 |    66 ||   106
       Animate Skeleton  |     1 |       ||     1
       Vampiric Draining |       |     4 ||     4
  Use: Scroll            |       |    10 ||    10
Armor: Robe              |     4 |     5 ||     9
       Ring mail         |       |    22 ||    22
Dodge: Dodged            |    22 |    66 ||    88

Table legend:
 A = Non-vault XP
 B = Vault XP
 C = Vault XP percentage of total XP
 D = Non-vault monster count
 E = Vault monster count
 F = Vault count percentage of total count
                 A         B        C        D         E       F
            +---------+---------+-------+---------+---------+-------
      Total |     565 |     104 |  15.5 |      80 |      11 |  12.1
            +---------+---------+-------+---------+---------+-------
        D:1 |      44 |       0 |   0.0 |      25 |       0 |   0.0
        D:2 |      43 |       0 |   0.0 |      17 |       0 |   0.0
        D:3 |     111 |      12 |   9.8 |      25 |       5 |  16.7
        D:4 |     367 |      92 |  20.0 |      13 |       6 |  31.6
            +---------+---------+-------+---------+---------+-------
